 Dungeon Crawl Stone Soup version 0.28.0 (webtiles) character file.

Game seed: 13843978431979925810

4411 enile the Basher (level 10, -11/74 HPs)
             Began as a Gnoll Wanderer on Feb 15, 2022.
             Was a Follower of Ashenzari.
             Killed from afar by a steam dragon (23 damage)
             ... with a ball of steam
             ... on level 8 of the Dungeon.
             The game lasted 00:21:19 (14768 turns).

enile the Basher (Gnoll Wanderer)                  Turns: 14768, Time: 00:21:19

Health: -11/74     AC: 23    Str: 13    XL:     10   Next: 36%
Magic:  15/19      EV:  1    Int: 17    God:    Ashenzari [*.....]
Gold:   430        SH:  0    Dex: 17    Spells: 17/21 levels left

rFire   . . .      SeeInvis .   a - +3 mace (vorpal)
rCold   . . .      Faith    .   (no shield)
rNeg    . . .      Spirit   .   m - +1 crystal plate armour
rPois   .          Reflect  .   b - +0 helmet of the Mantic Asceticism {Evo, Comp} (curse)
rElec   .          Harm     .   (no cloak)
rCorr   .          Rampage  .   (no gloves)
Will    +....                   l - +0 pair of boots "Prescient Dismay" {Stlth+, Cun, Elem} (curse)
Stlth   ..........              (no amulet)
HPRegen 0.22/turn               d - +6 ring of dexterity
MPRegen 0.16/turn               (no ring)

@: very slightly contaminated
A: fangs 1, strong nose, distributed training, clever 1, strong-willed 1, shaggy
fur 1
a: Renounce Religion, Shatter the Chains


You were on level 8 of the Dungeon.
You worshipped Ashenzari.
Ashenzari was aware of your devotion.
You visited 2 branches of the dungeon, and saw 9 of its levels.
You also visited: Bailey.

You collected 430 gold pieces.

Inventory:

Hand Weapons
 a - a +3 vorpal mace (weapon)
 f - a +2 falchion of holy wrath
 g - a +0 glaive
 j - a +3 halberd
 t - the +4 dagger "Muobyup" {antimagic, rPois SInv}
   (You found it on level 4 of the Dungeon)

   It reduces the magical energy of the wielder, and disrupts the spells and
   magical abilities of those it strikes.
   Natural abilities and divine invocations are not affected.
   rPois:     It protects you from poison.
   SInv:      It lets you see invisible.
 y - a +0 war axe
Missiles
 o - 9 poisoned darts
Armour
 b - the cursed +0 helmet of the Mantic Asceticism (worn) {Evo, Comp}

   It has a curse which improves the following skills: Evocations: Evocations.
   Companions: Summonings and Necromancy.
 c - a +0 robe
 h - a +0 pair of boots
 l - the cursed +0 pair of boots "Prescient Dismay" (worn) {Stlth+, Cun, Elem}
   (You found it in a bailey)

   It has a curse which improves the following skills: Cunning: Dodging and
   Stealth.
   Elements:  Fire Magic, Ice Magic, Air Magic and Earth Magic.
 m - a +1 crystal plate armour (worn)
 n - the +0 helmet "Zavuq" {rPois}
   (You found it on level 8 of the Dungeon)

   rPois:     It protects you from poison.
 p - a +0 plate armour
Magical Staves
 k - a staff of fire
Jewellery
 d - a +6 ring of dexterity (left hand)
Wands
 i - a wand of polymorph (5) (quivered)
 r - a wand of digging (7)
Scrolls
 e - a scroll of magic mapping
 s - a scroll of immolation
 u - a scroll of vulnerability
 w - 2 scrolls of noise


   Skills:
 + Level 5.2 Fighting
 + Level 5.2 Short Blades
 + Level 5.2 Long Blades
 + Level 5.2 Axes
 + Level 8.4 Maces & Flails
 + Level 5.2 Polearms
 + Level 5.2 Staves
 + Level 5.2 Slings
 + Level 5.2 Bows
 + Level 5.2 Crossbows
 + Level 5.2 Throwing
 + Level 7.0 Armour
 + Level 5.2(6.0) Dodging
 + Level 5.8(6.6) Stealth
 + Level 5.2 Shields
 + Level 5.2 Unarmed Combat
 + Level 6.0 Spellcasting
 + Level 7.0 Conjurations
 + Level 4.3 Hexes
 + Level 4.3(5.1) Summonings
 + Level 4.3(5.1) Necromancy
 + Level 4.3 Translocations
 + Level 4.3 Transmutations
 + Level 4.3(5.1) Fire Magic
 + Level 4.3(5.1) Ice Magic
 + Level 4.3(5.1) Air Magic
 + Level 4.3(5.1) Earth Magic
 + Level 4.3 Poison Magic
 + Level 5.7 Invocations
 + Level 5.2(6.0) Evocations


You had 17 spell levels left.
You knew the following spells:

 Your Spells              Type           Power      Damage    Failure   Level
a - Foxfire               Conj/Fire      100%       2x1d9     100%        1
b - Stone Arrow           Conj/Erth      50%        3d10      100%        3

Your spell library contained the following spells:

 Spells                   Type           Power      Damage    Failure   Level
 Summon Small Mammal      Summ           88%        N/A       100%        1
 Call Canine Familiar     Summ           22%        N/A       100%        3
 Confusing Touch          Hex            19%        N/A       100%        3
 Dazzling Flash           Conj/Hex       48%        N/A       100%        3
 Summon Guardian Golem    Hex/Summ       21%        N/A       100%        3
 Animate Armour           Summ/Erth      44%        N/A       100%        4
 Fireball                 Conj/Fire      12%        3d7       100%        5
 Iskenderun's Battlesphe  Conj           29%        2d8       100%        5
 Yara's Violent Unravell  Hex/Tmut       9%         3d6       100%        5
 Conjure Ball Lightning   Conj/Air       12%        3x3d6     100%        6
 Enfeeble                 Hex            9%         N/A       100%        7
 Orb of Destruction       Conj           14%        9d7       100%        7
 Lehudib's Crystal Spear  Conj/Erth      12%        10d4      100%        8


Dungeon Overview and Level Annotations

Branches:
Dungeon (8/15)             Temple (1/1) D:6          Bailey (visited)
   Lair: D:8-11

Altars:
Ashenzari
Cheibriados
Dithmenos
Elyvilon
Fedhas
Gozag
Hepliaklqana
Kikubaaqudgha
Makhleb
Nemelex Xobeh
Okawaru
Qazlal
Ru
Sif Muna
Trog
Uskayaw
Vehumet
Wu Jian
Xom
Yredelemnul
Zin

Annotations:
D:8 Gastronok


Innate Abilities, Weirdness & Mutations

You have very sharp teeth.
Your uncanny sense of smell can sniff out nearby items.
Your experience applies equally to all skills.
Your mind is acute. (Int +2)
You are strong-willed. (Will+)
You are covered in fur. (AC +1)


Message History

Aim: a steam dragon (catching its breath, 71% to hit)
You miscast Stone Arrow.
You are very lightly contaminated with residual magic.
Sparks fly from your hands!!
Casting: Stone Arrow (quite dangerous; 100% risk of failure)
Confirm with . or Enter, or press ? or * to list all spells.
Aiming: Stone Arrow (quite dangerous; 100% risk of failure)
Press: ? - help, Shift-Dir - straight line, f/p - steam dragon
Aim: a steam dragon (steam, catching its breath, 71% to hit)
You miscast Stone Arrow.
You feel a strange surge of energy!
You sock the steam dragon!
You bite the steam dragon, but do no damage.
The steam dragon is moderately wounded.
The steam dragon bites you but does no damage.
The steam dragon claws you but does no damage.
You barely miss the steam dragon.
The steam dragon is moderately wounded.
The steam dragon bites you but does no damage.
The steam dragon claws you but does no damage.
Okay, then.
You closely miss the steam dragon.
You bite the steam dragon, but do no damage.
The steam dragon is moderately wounded.
The steam dragon breathes steam at you. The ball of steam hits you!
Okay, then.
You are engulfed in a cloud of scalding steam.
You are engulfed in a cloud of scalding steam.
You are engulfed in a cloud of scalding steam.
* * * LOW HITPOINT WARNING * * *
The steam dragon breathes steam at you.
The ball of steam hits you but does no damage.
You are engulfed in a cloud of scalding steam.
You are engulfed in a cloud of scalding steam.
The steam dragon breathes steam at you. The ball of steam hits you.
* * * LOW HITPOINT WARNING * * *
The steam dragon breathes steam at you. The ball of steam hits you!!
You die...

)...########.#.#.#
#.
....'..........#.#
#.
....#######..#<#.#
#. ....# #..#.#.##
#.
##.#########.#....#
######.
#.#.........#....#
#...##.
##.#.######..#....#
#...##. ...#.#
#..#.#'## #...###
####.######..#.#@#
#...###
...............#§#
#......
####.###########§#
#...### #.# #.#
#...#
#.###########D#
#...#
#.##......D§..#
#.†.#
#.##.##########
##.## #.##§ #.#
#.##D #.#


There were no monsters in sight!

Vanquished Creatures
  An orc knight (Bailey)
  Prince Ribbit (D:5)
  4 water moccasins
  A hornet zombie (D:5)
  A black bear (D:7)
  An ice beast (D:7)
  6 orc warriors (Bailey)
  3 sky beasts
  4 ogres (D:6)
  3 centaurs
  A phantom (D:5)
  A kobold brigand (D:6)
  3 bullfrogs
  4 scorpions
  A water moccasin zombie (D:5)
  4 killer bees (D:8)
  3 howler monkeys (D:8)
  3 jellies (D:5)
  3 electric eels (D:8)
  3 centaur zombies
  A hound (D:5)
  3 orc priests
  A centaur skeleton (D:7)
  4 orc wizards
  An iguana (D:7)
  A howler monkey zombie (D:5)
  3 adders
  2 ufetubi
  An adder skeleton (D:5)
  A worm (D:2)
  4 dart slugs
  38 orcs
  6 bats
  8 endoplasms
  5 giant cockroaches
  7 hobgoblins
  2 jackals (D:3)
  4 quokkas
  10 ball pythons
  2 frilled lizards (D:2)
  7 goblins
  12 kobolds
  4 rats
178 creatures vanquished.

Vanquished Creatures (others)
  682 foxfires
  4 plants (D:6)
686 creatures vanquished.

Grand Total: 864 creatures vanquished

Notes
Turn   | Place    | Note
-------+----------+-------------------------------------------
     0 | D:1      | enile the Gnoll Wanderer began the quest for the Orb.
     0 | D:1      | enile set off with the following items: a +2 mace, a +0
                  | helmet, a +0 robe; and the following spell memorised:
                  | Foxfire; and the following spells available to memorise:
                  | Dazzling Flash
     0 | D:1      | Reached XP level 1. HP: 13/13 MP: 4/4
   206 | D:1      | Reached XP level 2. HP: 19/19 MP: 2/5
   809 | D:1      | Reached XP level 3. HP: 25/25 MP: 4/7
  1290 | D:1      | Reached skill level 1 in Invocations
  1910 | D:2      | Reached skill level 1 in Fighting
  1910 | D:2      | Reached skill level 1 in Short Blades
  1910 | D:2      | Reached skill level 1 in Long Blades
  1910 | D:2      | Reached skill level 1 in Axes
  1910 | D:2      | Reached skill level 1 in Polearms
  1910 | D:2      | Reached skill level 1 in Staves
  1910 | D:2      | Reached skill level 1 in Slings
  1910 | D:2      | Reached skill level 1 in Bows
  1910 | D:2      | Reached skill level 1 in Crossbows
  1910 | D:2      | Reached skill level 1 in Throwing
  1910 | D:2      | Reached skill level 1 in Dodging
  1910 | D:2      | Reached skill level 1 in Shields
  1910 | D:2      | Reached skill level 1 in Unarmed Combat
  1910 | D:2      | Reached skill level 1 in Evocations
  2368 | D:2      | Found a shimmering blue altar of Sif Muna.
  2525 | D:2      | Reached XP level 4. HP: 32/32 MP: 5/8
  3138 | D:3      | Reached skill level 1 in Hexes
  3138 | D:3      | Reached skill level 1 in Summonings
  3138 | D:3      | Reached skill level 1 in Necromancy
  3138 | D:3      | Reached skill level 1 in Translocations
  3138 | D:3      | Reached skill level 1 in Transmutations
  3138 | D:3      | Reached skill level 1 in Fire Magic
  3138 | D:3      | Reached skill level 1 in Ice Magic
  3138 | D:3      | Reached skill level 1 in Air Magic
  3138 | D:3      | Reached skill level 1 in Earth Magic
  3138 | D:3      | Reached skill level 1 in Poison Magic
  4066 | D:4      | Noticed a scorpion
  4078 | D:4      | Killed a scorpion
  4079 | D:4      | Reached XP level 5. HP: 35/37 MP: 5/9
  4787 | D:4      | Identified the +4 dagger "Muobyup" {antimagic, rPois SInv}
  5088 | D:4      | Reached XP level 6. HP: 26/44 MP: 0/10
  5336 | D:5      | Entered Level 5 of the Dungeon
  5352 | D:5      | Noticed a sky beast
  5375 | D:5      | Killed a sky beast
  5376 | D:5      | Reached skill level 5 in Armour
  6203 | D:5      | Reached XP level 7. HP: 35/50 MP: 1/12
  6688 | D:5      | Reached skill level 7 in Maces & Flails
  7017 | D:5      | Noticed Prince Ribbit
  7039 | D:5      | Killed Prince Ribbit
  7400 | D:5      | Reached XP level 8. HP: 16/58 MP: 11/14
  7817 | D:6      | Learned a level 3 spell: Stone Arrow
  8485 | D:6      | Found a staircase to the Ecumenical Temple.
  9267 | D:6      | Reached XP level 9. HP: 65/65 MP: 12/16
  9645 | Temple   | Entered the Ecumenical Temple
  9814 | Temple   | Became a worshipper of Ashenzari the Shackled
 10006 | D:7      | Reached skill level 5 in Spellcasting
 10674 | D:7      | Reached skill level 5 in Stealth
 10962 | D:7      | Reached skill level 8 in Maces & Flails
 10996 | D:7      | Gained mutation: Your mind is acute. (Int +2) [potion of
                  | mutation]
 10996 | D:7      | Gained mutation: You are covered in fur. (AC +1) [potion of
                  | mutation]
 10996 | D:7      | Gained mutation: You are strong-willed. (Will+) [potion of
                  | mutation]
 11389 | D:7      | Reached skill level 5 in Invocations
 11618 | D:8      | Found a flagged portal.
 11628 | Bailey   | Entered a bailey
 11882 | Bailey   | Noticed an orc knight
 12300 | Bailey   | HP: 1/66 [orc warrior (12)]
 12339 | Bailey   | Reached XP level 10. HP: 10/73 MP: 14/18
 12885 | Bailey   | Killed an orc knight
 12886 | Bailey   | Reached skill level 5 in Fighting
 12886 | Bailey   | Reached skill level 5 in Short Blades
 12886 | Bailey   | Reached skill level 5 in Long Blades
 12886 | Bailey   | Reached skill level 5 in Axes
 12886 | Bailey   | Reached skill level 5 in Polearms
 12886 | Bailey   | Reached skill level 5 in Staves
 12886 | Bailey   | Reached skill level 5 in Slings
 12886 | Bailey   | Reached skill level 5 in Bows
 12886 | Bailey   | Reached skill level 5 in Crossbows
 12886 | Bailey   | Reached skill level 5 in Throwing
 12886 | Bailey   | Reached skill level 5 in Dodging
 12886 | Bailey   | Reached skill level 5 in Shields
 12886 | Bailey   | Reached skill level 5 in Unarmed Combat
 12886 | Bailey   | Reached skill level 5 in Evocations
 13143 | D:8      | Noticed Gastronok
 13627 | D:8      | Identified the +0 helmet "Zavuq" {rPois}
 14712 | D:8      | Reached * piety under Ashenzari
 14768 | D:8      | Killed from afar by a steam dragon

Illustrated notes

Levels and vault maps discovered:
D:1:      wander_arrival_lonely_grave, layout_basic
D:2:      layout_rooms, basic_altar
D:3:      layout_basic
D:4:      layout_gridville
D:5:      layout_gridville, minmay_misc_feat_rows, st_stairs_11,
          minmay_misc_feat_tower, uniq_prince_ribbit1
D:6:      layout_cave_pods, minmay_temple_entry_overgrown
D:7:      layout_basic, grunt_ministairs_1
D:8:      layout_basic, enter_bailey_6, disabler_island, uniq_gastronok
Temple:   compressed_dpeg_circular_temple

Skill      XL: |  1  2  3  4  5  6  7  8  9 10 |
---------------+-------------------------------+-----
Invocations    | 1 2 3 4 5 |  5.7
Fighting       | 1 2 3 4 5 |  5.2
Short Blades   | 1 2 3 4 5 |  5.2
Long Blades    | 1 2 3 4 5 |  5.2
Axes           | 1 2 3 4 5 |  5.2
Polearms       | 1 2 3 4 5 |  5.2
Staves         | 1 2 3 4 5 |  5.2
Slings         | 1 2 3 4 5 |  5.2
Bows           | 1 2 3 4 5 |  5.2
Crossbows      | 1 2 3 4 5 |  5.2
Throwing       | 1 2 3 4 5 |  5.2
Dodging        | 1 2 3 4 5 |  5.2
Shields        | 1 2 3 4 5 |  5.2
Unarmed Combat | 1 2 3 4 5 |  5.2
Evocations     | 1 2 3 4 5 |  5.2
Spellcasting   | 3 4 5 6 |  6.0
Hexes          | 1 2 3 4 |  4.3
Summonings     | 1 2 3 4 |  4.3
Necromancy     | 1 2 3 4 |  4.3
Translocations | 1 2 3 4 |  4.3
Transmutations | 1 2 3 4 |  4.3
Fire Magic     | 1 2 3 4 |  4.3
Ice Magic      | 1 2 3 4 |  4.3
Air Magic      | 1 2 3 4 |  4.3
Earth Magic    | 1 2 3 4 |  4.3
Poison Magic   | 1 2 3 4 |  4.3
Armour         | 5 6 7 |  7.0
Stealth        | 3 4 5 |  5.8
Maces & Flails | 7 8 |  8.4
Conjurations   | 6 7 |  7.0

Action                   |  1- 3 |  4- 6 |  7- 9 | 10-12 || total
-------------------------+-------+-------+-------+-------++-------
Melee: Mace              |     5 |     9 |   138 |    39 ||   191
       Bite              |     1 |     4 |    33 |     4 ||    42
       Dagger            |       |    30 |    42 |    18 ||    90
       Punch             |       |     2 |     8 |     1 ||    11
Throw: Dart              |       |       |       |    19 ||    19
 Cast: Foxfire           |   127 |   129 |   133 |     8 ||   397
       Stone Arrow       |       |       |    53 |    11 ||    64
Invok: Curse Item        |       |       |     1 |     1 ||     2
  Use: Scroll            |       |     2 |    11 |     1 ||    14
       Potion            |       |       |    11 |       ||    11
 Stab: Sleeping          |       |       |     2 |       ||     2
       Invisible         |       |       |     1 |       ||     1
       Distracted        |       |       |     1 |       ||     1
Armor: Robe              |     1 |     8 |    75 |       ||    84
       Crystal plate arm |       |       |       |    88 ||    88
Dodge: Dodged            |     2 |    26 |   168 |     6 ||   202
